 Dungeon Crawl Stone Soup version 0.24.0-13-gcf9b319 (webtiles) character file.

Game seed: 2506809625898491897, levelgen mode: deterministic

2034 Balder the Cleaver (level 9, -11/117 HPs)
             Began as a Hill Orc Monk on May 1, 2020.
             Mangled by a manticore (18 damage)
             ... on level 7 of the Dungeon on May 2, 2020.
             The game lasted 00:26:07 (6140 turns).

Balder the Cleaver (Hill Orc Monk)                  Turns: 6140, Time: 00:26:07

Health: -11/117    AC: 16    Str: 23    XL:     9   Next: 24%
Magic:  0/10       EV:  9    Int: 10    God:
Gold:   295        SH:  0    Dex: 14    Spells: 8/8 levels left

rFire    + + .     SeeInvis +   a - +5 battleaxe
rCold    . . .     Gourm    .   (shield currently unavailable)
rNeg     . . .     Faith    .   l - +3 chain mail {rF+}
rPois    .         Spirit   +   (no helmet)
rElec    .         Reflect  .   y - +0 cloak (curse)
rCorr    .         Harm     .   (no gloves)
MR       .....     Rnd*Rage +   C - +1 pair of boots {Fly}
Stlth    ..........             s - amulet of guardian spirit
HPRegen  0.29/turn              r - ring of see invisible
MPRegen  0.12/turn              v - +2 ring of strength

@: berserking, flying, very quick
A: berserk 1, fire resistance 1
a: Stop Flying


You were on level 7 of the Dungeon.
You were not hungry.

You visited 1 branch of the dungeon, and saw 7 of its levels.

You collected 400 gold pieces.
You spent 105 gold pieces at shops.

Inventory:

Hand Weapons
 a - a +5 battleaxe (weapon)
 b - a +1 morningstar
 d - a +1 war axe of distortion
 e - a +0 whip of freezing
 z - a +2 short sword of venom
 D - a +0 war axe
Missiles
 u - 3 boomerangs (quivered)
 B - 10 poisoned darts
Armour
 g - a +0 plate armour
 l - a +3 chain mail of fire resistance (worn)
 t - a +2 pair of boots
 y - a cursed +0 cloak (worn)
 C - a +1 pair of boots of flying (worn)
Magical Staves
 o - an uncursed staff of summoning {unknown}
Jewellery
 r - a ring of see invisible (left hand)
 s - an amulet of guardian spirit (around neck)
 v - a +2 ring of strength (right hand)
 w - an uncursed ring of fire {unknown}
 x - an uncursed ring of resist corrosion {unknown}
Wands
 f - a wand of disintegration (8)
 q - a wand of enslavement (7)
 A - a wand of polymorph (11)
Scrolls
 h - 2 scrolls of teleportation
 j - 2 scrolls of enchant weapon
 k - 2 scrolls of fear {unknown}
 m - a scroll of torment {unknown}
 n - a scroll of immolation {unknown}
 p - 2 scrolls of fog {unknown}
 F - a scroll of remove curse {unknown}
 H - a scroll of holy word {unknown}
Potions
 i - 3 potions of curing
 G - a potion of berserk rage
Comestibles
 c - 6 rations
 E - 15 chunks of flesh


   Skills:
 * Level 6.5 Fighting
 * Level 9.4(9.9) Axes
 * Level 4.0(6.4) Maces & Flails
 * Level 3.0 Throwing
 * Level 5.4 Armour
 - Level 2.4 Dodging
 * Level 3.6 Stealth
 * Level 2.3 Evocations


You had 8 spell levels left.
You didn't know any spells.
Your spell library was empty.

Dungeon Overview and Level Annotations

Branches:
Dungeon (7/15)
 Temple: D:4-7

Altars:
Cheibriados
Fedhas
Okawaru

Shops:
D:4 =


Innate Abilities, Weirdness & Mutations

You tend to lose your temper in combat.
Your flesh is heat resistant. (rF+)


Message History

The manticore claws you but does no damage.
You slash the manticore!
The manticore is severely wounded.
The manticore bites you!
* * * LOW HITPOINT WARNING * * *
The manticore claws you but does no damage. x2
You feel better. The manticore bites you!
* * * LOW HITPOINT WARNING * * *
The manticore claws you but does no damage.
The manticore claws you.
* * * LOW HITPOINT WARNING * * *
You completely miss the manticore.
The manticore is heavily wounded.
The manticore bites you.
* * * LOW HITPOINT WARNING * * *
The manticore claws you but does no damage. x2
It was a potion of berserk rage.
A red film seems to cover your vision as you go berserk!
You feel yourself moving faster!
You feel mighty! The manticore bites you!!
You die...

###..#..#.................
#.#..##...........#.......
######.##.....#........####.#..
#.........#...#.........
##รท#)[
#........#######........##))..(
#.....###.##.##..#.............
##..#..#.......................
####........#......#....###...
#.....####@....##.... #....
####.## #(H<........# #.... ###
............. #.##.
......#...#.... ... ##
#.......#...#### ...# ##
#..#......#..# ..#. ##.
#..###..###.... .# .... #. .#..
##. .... ....


You could see a manticore.

Vanquished Creatures
  A sky beast (D:5)
  3 phantoms
  2 ogres
  2 bullfrogs
  3 scorpions
  3 killer bees (D:3)
  4 wights (D:7)
  2 howler monkeys (D:4)
  3 crimson imps
  A hound (D:7)
  An orc priest (D:7)
  An orc wizard (D:4)
  A bullfrog skeleton (D:7)
  2 centaur skeletons (D:4)
  6 iguanas
  Ijyb (D:4)
  Natasha (twice) (D:3)
  2 worker ants (D:7)
  Terence (D:2)
  A hound zombie (D:6)
  8 gnolls
  7 adders
  A howler monkey skeleton (D:5)
  An ooze (D:7)
  An adder skeleton (D:4)
  A worm (D:2)
  3 dart slugs
  4 leopard geckos
  18 orcs
  4 bats
  4 giant cockroaches
  8 goblins
  4 hobgoblins
  9 jackals
  3 quokkas
  3 ball pythons
  4 frilled lizards
  8 kobolds
  A quokka skeleton (D:5)
  A quokka zombie (D:5)
  9 rats
144 creatures vanquished.

Notes
Turn   | Place    | Note
-------+----------+-------------------------------------------
     0 | D:1      | Balder the Hill Orc Monk began the quest for the Orb.
     0 | D:1      | Reached XP level 1. HP: 19/19 MP: 1/1
   179 | D:1      | Reached XP level 2. HP: 26/27 MP: 2/2
   667 | D:1      | Reached XP level 3. HP: 33/33 MP: 3/3
   874 | D:2      | Noticed Terence
   902 | D:2      | Killed Terence
   902 | D:2      | Reached skill level 1 in Armour
  1093 | D:2      | Reached skill level 5 in Axes
  1093 | D:2      | Reached XP level 4. HP: 37/41 MP: 4/4
  1501 | D:2      | Found a blossoming altar of Fedhas.
  1870 | D:3      | Reached skill level 1 in Throwing
  1905 | D:3      | Reached XP level 5. HP: 47/47 MP: 5/5
  1917 | D:3      | Found a snail-covered altar of Cheibriados.
  2020 | D:3      | Noticed Natasha
  2026 | D:3      | Killed Natasha
  2158 | D:3      | Found an iron altar of Okawaru.
  2245 | D:3      | Gained mutation: You tend to lose your temper in combat.
                  | [potion of mutation]
  2245 | D:3      | Gained mutation: Your flesh is heat resistant. (rF+)
                  | [potion of mutation]
  2251 | D:3      | Reached skill level 6 in Axes
  2254 | D:3      | HP: 3/70 [killer bee (2)]
  2265 | D:3      | HP: 3/70 [killer bee (1)]
  2266 | D:3      | Reached XP level 6. HP: 3/55 MP: 6/6
  2272 | D:3      | HP: 2/82 [poisoned by a killer bee]
  2279 | D:3      | HP: 2/82 [poisoned by a killer bee]
  2287 | D:3      | HP: 1/55 [poisoned by a killer bee]
  2943 | D:3      | Noticed Natasha
  2954 | D:3      | Killed Natasha
  3053 | D:4      | Reached skill level 5 in Fighting
  3092 | D:4      | Reached XP level 7. HP: 41/61 MP: 7/7
  3102 | D:4      | Reached skill level 7 in Axes
  3138 | D:4      | Noticed Ijyb
  3172 | D:4      | Killed Ijyb
  3742 | D:4      | Reached skill level 8 in Axes
  3844 | D:4      | Reached skill level 1 in Maces & Flails
  3947 | D:4      | Found Ocouroun's Jewellery Boutique.
  3951 | D:4      | Bought a +2 ring of strength for 105 gold pieces
  4002 | D:4      | Reached XP level 8. HP: 62/69 MP: 5/8
  4115 | D:5      | Entered Level 5 of the Dungeon
  4343 | D:5      | Reached skill level 1 in Evocations
  5848 | D:7      | Reached skill level 5 in Armour
  5898 | D:7      | Reached XP level 9. HP: 61/75 MP: 10/10
  5931 | D:7      | Reached skill level 9 in Axes
  6121 | D:7      | Noticed a manticore
  6140 | D:7      | Mangled by a manticore

Levels and vault maps discovered:
D:1:      nzn_arrival_settlement, layout_loops_ring
D:2:      layout_loops_corners, marbit_many_paths, minmay_misc_feat_doors,
          minmay_splitting_lines, uniq_terence
D:3:      layout_basic, lemuel_doored_altar, lemuel_coloured_pillars_altar,
          minmay_statues_item, minmay_fountain_box, uniq_natasha
D:4:      layout_rooms, serial_shops, kennysheep_mini, uniq_ijyb
D:5:      layout_basic, first_ration
D:6:      layout_gridville, hangedman_decor_push, minmay_checkerbox
D:7:      layout_cave_pools, minmay_temple_entry_offerings

Skill      XL: |  1  2  3  4  5  6  7  8  9 |
---------------+----------------------------+-----
Fighting       | 4 5 6 |  6.5
Armour         | 1 2 3 4 5 |  5.4
Axes           | 5 6 8 9 |  9.4
Stealth        | 2 3 |  3.6
Throwing       | 1 2 3 |  3.0
Maces & Flails | 1 3 4 |  4.0
Evocations     | 2 |  2.3
Dodging        | |  2.4

Action                   |  1- 3 |  4- 6 |  7- 9 || total
-------------------------+-------+-------+-------++-------
Melee: Hand axe          |   115 |   159 |   233 ||   507
       Morningstar       |       |       |   108 ||   108
       Whip              |       |       |    39 ||    39
       War axe           |       |       |    28 ||    28
       Battleaxe         |       |       |    14 ||    14
Throw: Boomerang         |       |       |    21 ||    21
  Use: Potion            |     1 |     5 |     7 ||    13
       Scroll            |       |     3 |     4 ||     7
  Eat: Chunk             |     1 |     4 |       ||     5
       Ration            |       |     1 |     3 ||     4
Armor: Plate armour      |    64 |       |       ||    64
       Chain mail        |     3 |   106 |   277 ||   386
       Skin              |       |    23 |       ||    23
Dodge: Dodged            |    27 |    49 |   164 ||   240
